Map: Stranded Isles

Players

Throwfordays

  • Race: Protoss Protoss
  • League: Silver
  • Spawn Location: 12:00

Cthulhu

  • Race: Terran Terran
  • Spawn Location: 9:00

Faust

  • Race: Zerg Zerg
  • League: Diamond
  • Spawn Location: 12:00

BAN

  • Race: Terran Terran
  • League: Diamond
  • Spawn Location: 6:00

ElPancho

  • Race: Zerg Zerg
  • League: Diamond
  • Spawn Location: 3:00

Ziggy

  • Race: Zerg Zerg
  • League: Diamond
  • Spawn Location: 6:00

VOD

Have the link to the VOD?

Description

Time

  • Played on: April 3, 2019, 10:46 p.m.
  • Length: 6:20
Show
View Real Time Build Order
Export as new Build Order

Throwfordays Protoss 

Build Orders:  

Get SALT Encoding   

  12  0:02  Probe  
  13  0:14  Probe  
  14  0:18  Pylon  
  14  0:26  Probe  
  15  0:38  Probe  
  15  0:39  Gateway  
  16  0:45  Assimilator  
  16  0:50  Probe  
  17  1:02  Probe  
  18  1:04  Gateway  
  18  1:10  Probe  
  19  1:18  Probe  
  20  1:26  Cybernetics Core  
  20  1:29  Assimilator  
  20  1:34  Probe  
  21  1:42  Warp Gate  
  21  1:46  Probe  
  22  1:49  Gateway  
  22  1:58  Probe  
  22  1:59  Gateway  
  23  2:16  Pylon  
  23  2:23  Pylon  
  23  2:34  Adept x2  
  23  2:36  Pylon  
  4  3:15  Probe  
  5  3:45  Probe  
  6  4:19  Probe  
  7  4:32  Probe  
  8  4:40  Probe  
  7  4:52  Probe  
  3  5:04  Probe  
  4  5:18  Probe  
  5  5:31  Probe  
  6  5:44  Probe  
  7  5:52  Probe  
  8  6:00  Probe  
Show
View Real Time Build Order
Export as new Build Order

Cthulhu Terran 

Build Orders:  

Get SALT Encoding   

  12  0:02  SCV  
  13  0:14  SCV  
  14  0:22  Supply Depot  
  14  0:26  SCV  
  15  0:44  SCV  
  15  0:45  Barracks  
  16  0:56  SCV  
  17  0:58  Refinery  
  17  1:08  SCV  
  18  1:22  SCV  
  19  1:33  Supply Depot  
  19  1:38  Command Center  
  19  1:47  SCV  
  20  1:54  Marine  
  20  2:02  Orbital Command  
  20  2:12  Marine  
  21  2:31  Refinery  
  21  2:33  Engineering Bay  
  21  2:44  Marine, SCV  
  23  2:51  Orbital Command  
  23  2:55  Refinery  
  23  3:01  Factory  
  23  3:04  Marine, SCV  
  23  3:16  SCV  
  23  3:18  SCV  
  18  3:35  Marine, SCV x2  
  12  3:57  Marine  
  6  4:07  SCV  
  6  4:08  SCV  
  7  4:19  Marine, Supply Depot  
  7  4:20  SCV  
  9  4:28  SCV  
  9  4:29  Hellion  
  12  4:45  Orbital Command  
  12  4:56  Hellion  
  8  5:07  Marine, SCV  
  4  5:33  SCV  
Show
View Real Time Build Order
Export as new Build Order

Faust Zerg 

Build Orders: Hatch First 

Get SALT Encoding   

  12  0:01  Drone  
  13  0:08  Drone  
  14  0:14  Extractor  
  14  0:15  Drone  
  15  0:24  Overlord  
  15  0:43  Drone x2  
  15  0:45  Extractor  
  15  0:46  Drone  
  17  1:01  Hatchery  
  16  1:06  Drone  
  17  1:18  Spawning Pool  
  16  1:21  Drone  
  17  1:26  Drone  
  17  1:29  Drone  
  19  1:41  Overlord  
  19  2:05  Zergling x2  
  19  2:06  Zergling x2  
  19  2:07  Queen, Spine Crawler  
  22  2:13  Zergling x4  
  24  2:19  Metabolic Boost  
  24  2:26  Zergling x4  
  26  2:33  Baneling Nest  
  25  2:45  Zergling x6  
  26  2:56  Drone  
  26  2:57  Drone x2  
  28  3:15  Zergling x6  
  28  3:19  Queen  
  33  3:24  Baneling  
  33  3:25  Baneling  
  33  3:26  Drone x2  
  35  3:35  Spine Crawler  
  33  4:00  Zergling x2  
  33  4:01  Zergling x8  
  34  4:15  Lair  
  33  4:22  Drone x2  
  33  4:23  Overlord  
  35  4:24  Drone  
  36  4:43  Baneling x2  
  33  4:49  Zergling x2  
  33  4:50  Zergling x18  
  36  5:02  Zergling x4  
  36  5:05  Queen  
  40  5:21  Drone  
  40  5:22  Drone x3  
  40  5:24  Baneling x2  
  40  5:26  Baneling  
  36  5:44  Zergling x2  
  36  5:45  Zergling x14  
  36  5:49  Extractor  
  41  5:50  Spire  
  41  5:51  Drone  
  41  5:52  Spine Crawler  
  40  6:01  Drone  
  40  6:02  Drone  
Show
View Real Time Build Order
Export as new Build Order

BAN Terran 

Build Orders:  

Get SALT Encoding   

  12  0:01  SCV  
  13  0:19  SCV  
  13  0:20  Supply Depot  
  14  0:30  Refinery  
  14  0:31  SCV  
  15  0:43  SCV  
  15  0:46  Barracks  
  16  0:59  Barracks  
  16  1:04  SCV  
  17  1:18  Barracks  
  17  1:37  Reaper  
  18  1:40  Refinery  
  18  1:42  SCV  
  19  1:47  Reaper  
  20  1:57  Supply Depot  
  20  2:01  SCV  
  21  2:06  Reaper  
  22  2:09  Reaper  
  23  2:19  Reaper  
  24  2:32  Barracks  
  24  2:38  Reaper  
  24  2:41  Reaper  
  26  2:52  Reaper  
  26  2:55  SCV  
  28  3:10  Reaper  
  29  3:13  Reaper  
  29  3:14  Orbital Command  
  30  3:24  Reaper  
  31  3:48  Supply Depot  
  31  3:55  Supply Depot  
  31  3:56  Reaper  
  31  3:57  Reaper x2  
  31  4:01  Reaper  
  30  4:06  Supply Depot  
  27  4:29  Reaper x3  
  30  4:33  Reaper  
  30  4:37  SCV  
  32  4:42  Barracks  
  32  5:01  Reaper x3  
  32  5:06  Reaper  
  36  5:10  SCV  
  37  5:15  Supply Depot  
  37  5:22  SCV  
  38  5:33  Reaper x3  
  41  5:43  Reaper  
  41  5:44  SCV  
  41  5:48  Supply Depot  
  43  5:51  Command Center  
  43  5:55  Refinery  
  43  5:56  SCV  
  44  5:58  Refinery  
Show
View Real Time Build Order
Export as new Build Order

ElPancho Zerg 

Build Orders: Pool First 

Get SALT Encoding   

  12  0:02  Drone  
  13  0:10  Extractor  
  12  0:27  Spawning Pool  
  11  0:30  Drone  
  11  0:35  Drone  
  13  0:40  Drone  
  14  0:54  Overlord  
  14  1:14  Queen  
  14  1:15  Zergling x2  
  17  1:23  Metabolic Boost  
  17  1:28  Zergling x2  
  17  1:32  Zergling x2  
  19  1:37  Zergling x2  
  20  1:41  Zergling x2  
  21  1:55  Zergling x2  
  22  2:08  Hatchery  
  22  2:15  Overlord  
  21  2:25  Zergling x2  
  22  2:47  Zergling x2  
  22  2:48  Zergling x6  
  24  3:00  Zergling x2  
  24  3:05  Queen  
  23  3:13  Zergling x2  
  24  3:26  Zergling x4  
  26  3:30  Zergling x2  
  27  3:39  Zergling x2  
  27  3:42  Zergling x4  
  27  3:43  Zergling x2  
  30  3:55  Zergling x8  
  34  4:02  Queen  
  30  4:26  Zergling x6  
  30  4:28  Drone x3  
  31  5:00  Overlord  
  28  5:11  Zergling x4  
  28  5:12  Zergling x4  
  28  5:13  Zergling x2  
  30  5:18  Zergling x2, Baneling Nest  
  30  5:19  Zergling x2  
  31  5:32  Zergling x2  
  31  5:33  Zergling x8  
  31  5:34  Zergling x2  
  37  5:46  Zergling x2  
  38  5:55  Zergling x6  
  41  6:02  Drone  
Show
View Real Time Build Order
Export as new Build Order

Ziggy Zerg 

Build Orders: Pool First 

Get SALT Encoding   

  12  0:08  Extractor  
  11  0:23  Spawning Pool  
  11  0:25  Drone  
  11  0:30  Drone  
  12  0:38  Drone  
  13  0:45  Drone  
  14  0:56  Overlord  
  14  1:12  Metabolic Boost  
  14  1:19  Zergling x4  
  14  1:20  Zergling x2  
  17  1:30  Zergling x2  
  18  1:38  Queen  
  20  1:41  Zergling x2  
  21  1:52  Zergling x2  
  22  2:09  Hatchery  
  22  2:11  Zergling x2  
  22  2:19  Overlord  
  22  2:26  Overlord  
  22  2:39  Zergling x2  
  23  2:47  Zergling x6  
  23  2:59  Zergling x2  
  24  3:16  Zergling x2  
  24  3:17  Zergling x4  
  24  3:19  Zergling x2  
  25  3:21  Zergling x4  
  27  3:31  Zergling x2  
  27  3:32  Zergling x2  
  29  3:42  Zergling x2  
  29  3:47  Zergling x2  
  31  3:50  Zergling x2  
  31  3:51  Zergling x2, Drone  
  31  3:53  Overlord  
  34  3:57  Overlord  
  34  4:04  Zergling x4  
  36  4:15  Zergling x2  
  36  4:16  Zergling x2  
  38  4:27  Zergling x4  
  40  4:34  Zergling x6  
  40  4:37  Zergling x2  
  44  4:38  Zergling x2  
  42  4:46  Zergling x2  
  39  4:58  Zergling x4  
  41  5:02  Zergling x2  
  40  5:38  Zergling x12  
  40  5:40  Queen x2  
Tags
 
Add a new tag
Caveats
  • Supply blocks, unpowered buildings, or Contaminate may cause inaccurate times.
  • Supply counts are checked every 10 seconds.